BSA
BEECH MOUNTAIN MOUNTAINEERS @ SO CAL BRUINS
07/28/2028
 
TOP OF THE 1ST
Beech Mountain Mountaineers batting - Pitching for So Cal Bruins : RHP Juan González
Pitching: RHP Juan González
Batting: SHB Félix Montoya 0-0: Called Strike
0-1: Swinging Strike
0-2: Ball
1-2: SINGLE (Flyball, 7S)
Batting: SHB Miguel González 0-0: Called Strike
0-1: Ball
Félix Montoya steals 2nd base
1-1: Ball
2-1: Foul Ball, location: 2F
2-2: Ball
3-2: SINGLE (Flyball, 89S)
Félix Montoya to third
Runner from 3rd tries for Home, SAFE, no throw
Batting: LHB Robert Phillips 0-0: Called Strike
Balk!
Miguel González to second
0-1: Ball
1-1: Foul Ball, location: 2F
1-2: Foul Ball, location: 2F
1-2: Ball
2-2: Strikes out looking
Batting: SHB Juan Castro 0-0: Foul Ball, location: 2F
0-1: Called Strike
0-2: Ball
1-2: Foul Ball, location: 2F
1-2: SINGLE (Line Drive, 9S)
Miguel González to third
Runner from 3rd tries for Home, SAFE, throw made home
Batting: SHB Tony López 0-0: Foul Ball, location: 2F
0-1: Ball
1-1: Called Strike
1-2: Ball
2-2: TRIPLE (Flyball, 89XD)
Juan Castro scores
Batting: RHB John Anderson 0-0: Called Strike
0-1: Ball
1-1: Ball
2-1: Foul Ball, location: 2F
2-2: Strikes out swinging
Batting: SHB Rick Turner 0-0: Called Strike
0-1: Ground out 6-3 (Groundball, 6)
Top of the 1st over - 3 run(s), 4 hit(s), 0 error(s), 1 left on base; Beech Mountain 3 - So Cal 0
BOTTOM OF THE 1ST
So Cal Bruins batting - Pitching for Beech Mountain Mountaineers : RHP Yong-hoon Park
Pitching: RHP Yong-hoon Park
Batting: LHB Jesús Campos 0-0: Called Strike
0-1: Called Strike
0-2: Ground out 4-3 (Groundball, 4S)
Batting: RHB Lawrence Schroeder 0-0: Called Strike
0-1: DOUBLE (Groundball, 5L)
Batting: RHB Earl Wiggins 0-0: Ball
1-0: Foul Ball, location: 2F
1-1: Ball
2-1: Foul Ball, location: 2F
2-2: Ball
3-2: Foul Ball, location: 2F
3-2: Ground out 6-3 (Groundball, 6)
Batting: LHB José Antonio Santiago 0-0: Swinging Strike
0-1: SINGLE (Groundball, 4MD)
Lawrence Schroeder to third
Runner from 3rd tries for Home, throw and OUT!
Bottom of the 1st over - 0 run(s), 2 hit(s), 0 error(s), 1 left on base; Beech Mountain 3 - So Cal 0
TOP OF THE 2ND
Beech Mountain Mountaineers batting - Pitching for So Cal Bruins : RHP Juan González
Batting: LHB Pedro Gonzáles 0-0: Called Strike
0-1: Ball
1-1: Called Strike
1-2: SINGLE (Groundball, 34D)
Batting: RHB Jesús Cruz 0-0: Called Strike
0-1: Grounds into double play, 5-4-3 (Groundball, 5)
Batting: SHB Félix Montoya 0-0: Ball
1-0: Fly out, F8 (Flyball, 8LXD)
Top of the 2nd over - 0 run(s), 1 hit(s), 0 error(s), 0 left on base; Beech Mountain 3 - So Cal 0
BOTTOM OF THE 2ND
So Cal Bruins batting - Pitching for Beech Mountain Mountaineers : RHP Yong-hoon Park
Batting: RHB Rubén Calderón 0-0: Ball
1-0: Swinging Strike
1-1: Ball
2-1: Ball
3-1: Base on Balls
Batting: LHB Kiyonaga Morita 0-0: Ball
1-0: Ball
2-0: Ball
3-0: Called Strike
3-1: Called Strike
3-2: SINGLE (Groundball, 34S) (infield hit)
Rubén Calderón to second
Batting: LHB Jeff Carter 0-0: Ball
1-0: Swinging Strike
1-1: Foul Ball, location: 2F
1-2: Strikes out swinging
Batting: LHB César Valentín 0-0: Ball
1-0: Called Strike
1-1: Ball
2-1: Foul Ball, location: 2F
2-2: Strikes out looking
Batting: RHB Morgan Gibbon 0-0: Called Strike
0-1: Called Strike
0-2: Ball
1-2: Fly out, F9 (Flyball, 9)
Bottom of the 2nd over - 0 run(s), 1 hit(s), 0 error(s), 2 left on base; Beech Mountain 3 - So Cal 0
TOP OF THE 3RD
Beech Mountain Mountaineers batting - Pitching for So Cal Bruins : RHP Juan González
Batting: SHB Miguel González 0-0: Called Strike
0-1: Called Strike
0-2: Ball
1-2: Ball
2-2: Ball
3-2: SOLO HOME RUN (Flyball, 9LD), Distance : 361 ft
Batting: LHB Robert Phillips 0-0: Ball
1-0: Foul Ball, location: 2F
1-1: Called Strike
1-2: Ground out U3 (Groundball, 3)
Batting: SHB Juan Castro 0-0: Ground out U3 (Groundball, 34)
Batting: SHB Tony López 0-0: Ball
1-0: Ball
2-0: Ball
3-0: Foul Ball, location: 2F
3-1: Ground out U3 (Groundball, 3D)
Top of the 3rd over - 1 run(s), 1 hit(s), 0 error(s), 0 left on base; Beech Mountain 4 - So Cal 0
BOTTOM OF THE 3RD
So Cal Bruins batting - Pitching for Beech Mountain Mountaineers : RHP Yong-hoon Park
Batting: LHB Jesús Campos 0-0: Ground out U3 (Groundball, 3)
Batting: RHB Lawrence Schroeder 0-0: Ball
1-0: Ball
2-0: Ball
3-0: SOLO HOME RUN (Flyball, 78XD), Distance : 403 ft
Batting: RHB Earl Wiggins 0-0: Foul Ball, location: 2F
0-1: Ball
1-1: Ground out 5-3 (Groundball, 56)
Batting: LHB José Antonio Santiago 0-0: Fly out, F8 (Flyball, 89M)
Bottom of the 3rd over - 1 run(s), 1 hit(s), 0 error(s), 0 left on base; Beech Mountain 4 - So Cal 1
TOP OF THE 4TH
Beech Mountain Mountaineers batting - Pitching for So Cal Bruins : RHP Juan González
Batting: RHB John Anderson 0-0: Called Strike
0-1: SINGLE (Groundball, 56D)
Batting: SHB Rick Turner 0-0: Ball
1-0: Ball
2-0: Foul Ball, location: 2F
2-1: Fly out, F9 (Flyball, 9D)
Batting: LHB Pedro Gonzáles 0-0: Grounds into double play, 4-6-3 (Groundball, 4M)
Top of the 4th over - 0 run(s), 1 hit(s), 0 error(s), 0 left on base; Beech Mountain 4 - So Cal 1
BOTTOM OF THE 4TH
So Cal Bruins batting - Pitching for Beech Mountain Mountaineers : RHP Yong-hoon Park
Batting: RHB Rubén Calderón 0-0: Ball
1-0: Ball
2-0: Swinging Strike
2-1: Foul Ball, location: 2F
2-2: Ground out 6-3 (Groundball, 6MD)
Batting: LHB Kiyonaga Morita 0-0: Swinging Strike
0-1: Ball
1-1: Swinging Strike
1-2: Ball
2-2: Strikes out looking
Batting: LHB Jeff Carter 0-0: Ball
1-0: Ball
2-0: Swinging Strike
2-1: Foul Ball, location: 2F
2-2: SINGLE (Groundball, 4D)
Batting: LHB César Valentín 0-0: Ball
1-0: Ball
2-0: DOUBLE (Line Drive, 7D)
Jeff Carter to third
Runner from 3rd tries for Home, SAFE, no throw
Batting: RHB Morgan Gibbon 0-0: Ball
1-0: Called Strike
1-1: Ball
2-1: Ball
3-1: Foul Ball, location: 2F
3-2: Foul Ball, location: 2F
3-2: Foul Ball, location: 2F
3-2: Ground out 5-3 (Groundball, 5)
Bottom of the 4th over - 1 run(s), 2 hit(s), 0 error(s), 1 left on base; Beech Mountain 4 - So Cal 2
TOP OF THE 5TH
Beech Mountain Mountaineers batting - Pitching for So Cal Bruins : RHP Juan González
Pitching: LHP Jesús González
Batting: RHB Jesús Cruz 0-0: Called Strike
0-1: Ball
1-1: Swinging Strike
1-2: Ball
2-2: Foul Ball, location: 2F
2-2: Ground out 6-3 (Groundball, 6)
Batting: SHB Félix Montoya 0-0: Swinging Strike
0-1: Foul Ball, location: 2F
0-2: Ball
1-2: Strikes out swinging
Batting: SHB Miguel González 0-0: Ball
1-0: Ball
2-0: Ball
3-0: Base on Balls
Batting: LHB Robert Phillips 0-0: Called Strike
0-1: Foul Ball, location: 2F
0-2: Ball
1-2: Ground out 6-3 (Groundball, 6MS)
Top of the 5th over - 0 run(s), 0 hit(s), 0 error(s), 1 left on base; Beech Mountain 4 - So Cal 2
BOTTOM OF THE 5TH
So Cal Bruins batting - Pitching for Beech Mountain Mountaineers : RHP Yong-hoon Park
Batting: LHB Jesús Campos 0-0: Ball
1-0: Swinging Strike
1-1: SINGLE (Groundball, 4MD)
Batting: RHB Lawrence Schroeder 0-0: Ball
1-0: Grounds into double play, 1-6-3 (Groundball, 13)
Batting: RHB Earl Wiggins 0-0: Foul Ball, location: 2F
0-1: Ball
1-1: Foul Ball, location: 2F
1-2: Ball
2-2: Strikes out swinging
Bottom of the 5th over - 0 run(s), 1 hit(s), 0 error(s), 0 left on base; Beech Mountain 4 - So Cal 2
TOP OF THE 6TH
Beech Mountain Mountaineers batting - Pitching for So Cal Bruins : LHP Jesús González
Batting: SHB Juan Castro 0-0: Ground out 4-3 (Groundball, 4MS)
Batting: SHB Tony López 0-0: Foul Ball, location: 2F
0-1: SINGLE (Groundball, 56D)
Batting: RHB John Anderson 0-0: Called Strike
0-1: DOUBLE (Line Drive, 9D)
Tony López to third
Batting: SHB Rick Turner 0-0: Ball
1-0: Swinging Strike
1-1: Swinging Strike
1-2: Ball
2-2: Strikes out swinging
Batting: LHB Pedro Gonzáles 0-0: Called Strike
0-1: Ball
1-1: SINGLE (Line Drive, 6M)
Tony López scores
John Anderson to third
Batting: RHB Jesús Cruz 0-0: Ball
1-0: Ball
2-0: Ball
3-0: Called Strike
3-1: Swinging Strike
3-2: Foul Ball, location: 2F
3-2: Base on Balls
Pedro Gonzáles to second
Batting: SHB Félix Montoya 0-0: Ball
1-0: Called Strike
1-1: Ball
2-1: Ball
3-1: Base on Balls
John Anderson scores
Pedro Gonzáles to third
Jesús Cruz to second
Batting: SHB Miguel González 0-0: Ball
1-0: Foul Ball, location: 2F
1-1: Called Strike
1-2: Ball
2-2: DOUBLE (Line Drive, 78XD)
Pedro Gonzáles scores
Jesús Cruz scores
Félix Montoya to third
Runner from 3rd tries for Home, throw and OUT!
Top of the 6th over - 4 run(s), 4 hit(s), 0 error(s), 1 left on base; Beech Mountain 8 - So Cal 2
BOTTOM OF THE 6TH
So Cal Bruins batting - Pitching for Beech Mountain Mountaineers : RHP Yong-hoon Park
Batting: LHB José Antonio Santiago 0-0: Ball
1-0: Foul Ball, location: 2F
1-1: Ball
2-1: Foul Ball, location: 2F
2-2: Ball
3-2: Base on Balls
Pitching: RHP Troy Parker
Batting: RHB Rubén Calderón 0-0: Ball
1-0: Ball
2-0: Called Strike
2-1: Swinging Strike
2-2: Strikes out swinging
Batting: LHB Kiyonaga Morita 0-0: Ball
1-0: Called Strike
1-1: Hit by Pitch
José Antonio Santiago to second
Batting: LHB Jeff Carter 0-0: Foul Ball, location: 2F
0-1: Ball
1-1: Foul Ball, location: 2F
1-2: DOUBLE (Line Drive, 9LD)
José Antonio Santiago scores
Kiyonaga Morita to third
Batting: LHB César Valentín 0-0: Swinging Strike
0-1: Ball
1-1: Foul Ball, location: 2F
1-2: Foul Ball, location: 2F
1-2: SINGLE (Flyball, 78S)
Kiyonaga Morita scores
Jeff Carter to third
Runner from 3rd tries for Home, SAFE, throw made home
César Valentín to second
Pitching: RHP Rodrigo Aguilar
Batting: RHB Morgan Gibbon 0-0: Swinging Strike
0-1: Ball
1-1: Ball
2-1: Foul Ball, location: 2F
2-2: Strikes out swinging
Batting: LHB Jesús Campos 0-0: SINGLE (Groundball, 4MD)
César Valentín to third
Runner from 3rd tries for Home, SAFE, no throw
Batting: RHB Lawrence Schroeder 0-0: Ball
1-0: DOUBLE (Flyball, 9D)
Jesús Campos to third
Runner from 3rd tries for Home, SAFE, no throw
Batting: RHB Earl Wiggins 0-0: Hit by Pitch
Batting: LHB José Antonio Santiago 0-0: Ball
1-0: Foul Ball, location: 2F
1-1: Called Strike
1-2: Fly out, F8 (Flyball, 78S)
Bottom of the 6th over - 5 run(s), 4 hit(s), 0 error(s), 2 left on base; Beech Mountain 8 - So Cal 7
TOP OF THE 7TH
Beech Mountain Mountaineers batting - Pitching for So Cal Bruins : LHP Jesús González
Pitching: RHP Jerry Good
Batting: LHB Robert Phillips 0-0: Ball
1-0: Swinging Strike
1-1: Foul Ball, location: 2F
1-2: Foul Ball, location: 2F
1-2: Strikes out looking
Batting: SHB Juan Castro 0-0: Ball
1-0: SINGLE (Groundball, 34D)
Batting: SHB Tony López 0-0: Ball
1-0: Ball
2-0: Ball
3-0: Called Strike
3-1: Base on Balls
Juan Castro to second
Batting: RHB John Anderson 0-0: Ball
1-0: Called Strike
1-1: SINGLE (Groundball, 6) (infield hit)
Juan Castro to third
Tony López to second
Batting: SHB Rick Turner 0-0: Grounds into fielders choice 4-2 (Groundball, 4)
Tony López to third
John Anderson to second
Batting: LHB Pedro Gonzáles 0-0: Ball
1-0: Fly out, F6 (Line Drive, 6)
Top of the 7th over - 0 run(s), 2 hit(s), 0 error(s), 3 left on base; Beech Mountain 8 - So Cal 7
BOTTOM OF THE 7TH
So Cal Bruins batting - Pitching for Beech Mountain Mountaineers : RHP Rodrigo Aguilar
Batting: RHB Rubén Calderón 0-0: Ball
1-0: Foul Ball, location: 2F
1-1: Swinging Strike
1-2: Strikes out swinging
Batting: LHB Kiyonaga Morita 0-0: Ball
1-0: Called Strike
1-1: Swinging Strike
1-2: Fly out, F7 (Flyball, 78M)
Batting: LHB Jeff Carter 0-0: Ball
1-0: Ground out 6-3 (Groundball, 6)
Bottom of the 7th over - 0 run(s), 0 hit(s), 0 error(s), 0 left on base; Beech Mountain 8 - So Cal 7
TOP OF THE 8TH
Beech Mountain Mountaineers batting - Pitching for So Cal Bruins : RHP Jerry Good
Batting: RHB Jesús Cruz 0-0: Ground out 1-3 (Groundball, 13S)
Batting: SHB Félix Montoya 0-0: Ball
1-0: Foul Ball, location: 2F
1-1: Foul Ball, location: 2F
1-2: Hit by Pitch
Pitching: RHP Masahiko Okada
Batting: SHB Miguel González 0-0: Ball
1-0: Swinging Strike
1-1: Fielders Choice at 2nd, 4-6 (Groundball, 4)
Batting: LHB Robert Phillips 0-0: Foul Ball, location: 2F
0-1: Foul Ball, location: 2F
0-2: Strikes out looking
Top of the 8th over - 0 run(s), 0 hit(s), 0 error(s), 1 left on base; Beech Mountain 8 - So Cal 7
BOTTOM OF THE 8TH
So Cal Bruins batting - Pitching for Beech Mountain Mountaineers : RHP Rodrigo Aguilar
Pitching: RHP Matthew Scott
Now in RF: Tommy Payne
Batting: LHB César Valentín 0-0: Foul Ball, location: 2F
0-1: Foul Ball, location: 2F
0-2: DOUBLE (Flyball, 78XD)
Batting: RHB Morgan Gibbon 0-0: Called Strike
0-1: 2-RUN HOME RUN (Flyball, 9D), Distance : 344 ft
Pitching: RHP Mang Tow
Batting: LHB Jesús Campos 0-0: Called Strike
0-1: Ball
1-1: Ball
2-1: Ball
3-1: Swinging Strike
3-2: Fly out, F8 (Flyball, 8LM)
Batting: RHB Lawrence Schroeder 0-0: Called Strike
0-1: Ball
1-1: Ball
2-1: Ball
3-1: DOUBLE (Flyball, 78XD)
Batting: RHB Earl Wiggins 0-0: SINGLE (Line Drive, 56D)
Lawrence Schroeder to third
Batting: LHB José Antonio Santiago 0-0: Called Strike
0-1: Ball
1-1: Foul Ball, location: 2F
1-2: Strikes out looking
Batting: RHB Rubén Calderón 0-0: Ball
1-0: Called Strike
1-1: Fly out, F8 (Flyball, 8LD)
Bottom of the 8th over - 2 run(s), 4 hit(s), 0 error(s), 2 left on base; Beech Mountain 8 - So Cal 9
TOP OF THE 9TH
Beech Mountain Mountaineers batting - Pitching for So Cal Bruins : RHP Masahiko Okada
Pitching: RHP Marty Burgess
Now at SS: Jonathan MacVey
Batting: SHB Juan Castro 0-0: Called Strike
0-1: Foul Ball, location: 2F
0-2: Ball
1-2: Ball
2-2: Ball
3-2: Base on Balls
Batting: SHB Tony López 0-0: Called Strike
0-1: Ball
1-1: Ball
2-1: SINGLE (Groundball, 4MD)
Juan Castro to second
Batting: RHB John Anderson 0-0: Ball
1-0: Fly out, F8 (Flyball, 89M)
Batting: SHB Rick Turner 0-0: Ball
1-0: Foul Ball, location: 2F
1-1: Foul Ball, location: 2F
1-2: Strikes out swinging
Batting: LHB Pedro Gonzáles 0-0: Ball
1-0: Ball
2-0: Fly out, F3 (Line Drive, 3S)
Top of the 9th over - 0 run(s), 1 hit(s), 0 error(s), 2 left on base; Beech Mountain 8 - So Cal 9
Tuesday, August 8th, 2017 - OOTP Baseball 17.12 Build 75